 Dungeon Crawl Stone Soup version 0.20.1-1-g8b1a95d (webtiles) character file.

12033 NoNouf the Fighter (level 11, -1/99 HPs)
             Began as a Minotaur Fighter on Aug 13, 2017.
             Was a Follower of Uskayaw.
             Slain by a merfolk
             ... wielding a +0 trident
              (21 damage)
             ... on level 2 of the Lair of Beasts.
             The game lasted 01:04:24 (9298 turns).

NoNouf the Fighter (Minotaur Fighter)               Turns: 9298, Time: 01:04:25

Health: -1/99      AC: 13    Str: 25    XL:     11   Next: 57%
Magic:  16/16      EV: 13    Int:  8    God:    Uskayaw [*.....]
Gold:   626        SH: 12    Dex: 17    Spells: 10/10 levels left

rFire    + + .     SeeInvis .   J - +5 long sword
rCold    . . .     Gourm    .   c - +0 shield
rNeg     . . .     Faith    +   v - +1 scale mail {rF+}
rPois    .         Spirit   .   (helmet restricted)
rElec    .         Reflect  .   (no cloak)
rCorr    .         Harm     .   E - +2 pair of gloves of the Lizard {rF+ Int+3 Dex+5}
MR       .....                  r - +0 pair of boots
Stlth    ..........             p - amulet of faith
Regen    0.3/turn               y - +3 ring of strength
MPRegen  0.2/turn               N - +4 ring of slaying

@: about to teleport, very slightly contaminated
A: retaliatory headbutt, horns 2
a: Stomp, Renounce Religion


You were on level 2 of the Lair of Beasts.
You worshipped Uskayaw.
Uskayaw was noncommittal.
You were hungry.

You visited 3 branches of the dungeon, and saw 11 of its levels.
You also visited: Bailey.

You collected 626 gold pieces.

Inventory:

Hand Weapons
 a - a +1 scimitar of flaming
 J - a +5 long sword (weapon)
Missiles
 e - 205 stones (quivered)
Armour
 c - a +0 shield (worn)
 d - a cursed +0 large shield
 r - a +0 pair of boots (worn)
 v - a +1 scale mail of fire resistance (worn)
 E - the +2 pair of gloves of the Lizard (worn) {rF+ Int+3 Dex+5}
   (You found it on level 7 of the Dungeon)

   It affects your intelligence (+3).
   It affects your dexterity (+5).
   It protects you from fire.
Jewellery
 p - an amulet of faith (around neck)
 y - a +3 ring of strength (left hand)
 B - an uncursed ring of protection from fire
 K - a +4 ring of evasion
 N - a +4 ring of slaying (right hand)
Wands
 h - a wand of flame (23/48)
 n - a wand of digging (6/24)
 G - a wand of iceblast (8/15)
 H - a wand of random effects (25/48)
Scrolls
 b - a scroll of silence
 i - a scroll of identify
 j - 2 scrolls of remove curse
 m - 2 scrolls of teleportation
 q - 2 scrolls of enchant armour
 t - a scroll of blinking
 x - 3 scrolls of recharging
Potions
 l - a potion of might
 z - a potion of brilliance {unknown}
 I - a potion of curing
Books
 u - a book of Callings

   Spells                             Type                      Level
   a - Summon Small Mammal            Summoning                    1
   b - Call Imp                       Summoning                    2
   c - Call Canine Familiar           Summoning                    3
   d - Summon Guardian Golem          Hexes/Summoning              3
   e - Summon Lightning Spire         Summoning/Air                4
   f - Summon Ice Beast               Ice/Summoning                4
Comestibles
 f - 7 bread rations
 g - 4 fruits
 o - 3 royal jellies
 D - 2 meat rations


   Skills:
 - Level 10.0 Fighting
 + Level 8.0 Long Blades
 - Level 6.1 Armour
 - Level 7.0 Dodging
 - Level 9.0 Shields
 - Level 7.0 Invocations
 - Level 8.7 Evocations


You had 10 spell levels left.
You didn't know any spells.

Dungeon Overview and Level Annotations

Branches:
Dungeon (8/15)             Temple (1/1) D:5            Lair (2/6) D:8
 Shoals (0/4) Lair:2
  Snake: Lair:2-4    Spider: Lair:2-4

Altars:
Ashenzari
Cheibriados
Dithmenos
Elyvilon
Fedhas
Gozag
Kikubaaqudgha
Nemelex Xobeh
Okawaru
Ru
Trog
Uskayaw
Vehumet
Xom
The Shining One

Shops:
D:5 [   D:8 :


Innate Abilities, Weirdness & Mutations

You reflexively headbutt those who attack you in melee.
You have a pair of horns on your head.


Message History

You are very lightly contaminated with residual magic.
As you read the scroll of blinking, it crumbles to dust.
Okay, then.
You can no longer pass through a line of other dancers.
You feel better.
You are too injured to fight recklessly!
You hit the merfolk. Your headbutt misses the merfolk.
The merfolk is lightly wounded.
The merfolk hits you with a trident! The merfolk closely misses you.
You hit the merfolk. Your headbutt misses the merfolk.
The merfolk is lightly wounded.
You block the merfolk's attack. The merfolk closely misses you.
You miss the merfolk. Your headbutt misses the merfolk.
The merfolk is lightly wounded.
You block the merfolk's attack.
The merfolk hits you from afar with a trident!
* * * LOW HITPOINT WARNING * * *
As you read the scroll of teleportation, it crumbles to dust.
You feel strangely unstable. The merfolk hits you with a trident!!
You die...

###...P##..###m≈.##.#
.#.#...####.P#≈..#..##
.............m.###...#
..........(....m....##
......###.#.###P##m..#
......####### ##...##
.......# #P..#
......### $####m.##
........#####.##@P...#
.................m...#
........(...........##
.##.P...............##
#####................#
#####.).............##
..#P................#
...(................##
............>.......P#


You could see 2 merfolk.

Vanquished Creatures
  Erica (Lair:1)
  A hydra (Lair:1)
  A two-headed ogre (D:8)
  A black mamba (Lair:1)
  A gargoyle (D:7)
  2 spiny frogs
  A komodo dragon (Lair:1)
  A merfolk (Lair:2)
  5 blink frogs (Lair:1)
  4 hippogriffs
  A wyvern (D:8)
  5 yaks (Lair:1)
  A hungry ghost (D:8)
  2 basilisks (D:8)
  Edmund (D:6)
  5 water moccasins
  4 porcupines
  An orc warrior (Bailey)
  3 ice beasts
  6 black bears
  3 phantoms
  9 ogres
  2 wolves (D:8)
  2 crocodiles (D:8)
  2 bullfrogs
  A big kobold (D:7)
  Blork the orc (D:5)
  A scorpion (D:5)
  6 killer bees (D:8)
  5 wights (D:8)
  A howler monkey (D:4)
  3 crimson imps
  3 bullfrog skeletons
  4 hounds
  3 jellies
  2 orc priests (D:8)
  7 orc wizards
  5 iguanas
  5 worker ants
  A killer bee zombie (D:7)
  15 gnolls
  A howler monkey skeleton (D:4)
  11 adders
  A shadow imp (D:6)
  3 oozes
  An adder skeleton (D:4)
  2 adder zombies
  7 worms
  3 dart slugs
  8 leopard geckos
  27 orcs
  2 ball pythons (D:1)
  14 bats
  8 giant cockroaches
  11 goblins
  4 hobgoblins
  7 jackals
  4 quokkas
  A ball python skeleton (D:5)
  7 frilled lizards
  16 kobolds
  A leopard gecko skeleton (D:4)
  A quokka zombie (D:6)
  3 rats
271 creatures vanquished.

Vanquished Creatures (others)
  2 jackals (D:3)
  2 fungi (D:8)
  5 plants (D:8)
9 creatures vanquished.

Grand Total: 280 creatures vanquished

Notes
Turn   | Place    | Note
-------+----------+-------------------------------------------
     0 | D:1      | NoNouf the Minotaur Fighter began the quest for the Orb.
     0 | D:1      | Reached XP level 1. HP: 19/19 MP: 0/0
   338 | D:1      | Reached XP level 2. HP: 26/26 MP: 1/1
   792 | D:2      | Reached XP level 3. HP: 24/31 MP: 2/2
   797 | D:2      | Reached skill level 5 in Shields
   807 | D:2      | Reached XP level 4. HP: 18/39 MP: 3/3
  1353 | D:2      | Reached XP level 5. HP: 45/45 MP: 4/4
  1925 | D:3      | Found a faded altar of an unknown god.
  2115 | D:3      | Found a radiant altar of Vehumet.
  2166 | D:3      | Reached skill level 5 in Long Blades
  2709 | D:4      | Noticed an ogre
  2720 | D:4      | Killed an ogre
  2720 | D:4      | Reached XP level 6. HP: 38/51 MP: 5/5
  2934 | D:4      | Reached skill level 5 in Armour
  3004 | D:4      | Reached XP level 7. HP: 44/57 MP: 6/6
  3026 | D:4      | Found an iron altar of Okawaru.
  3049 | D:4      | HP: 3/85 [ogre/giant club (18)]
  3707 | D:5      | Entered Level 5 of the Dungeon
  3746 | D:5      | Reached skill level 4 in Fighting
  3746 | D:5      | Reached XP level 8. HP: 58/66 MP: 7/7
  3771 | D:5      | Noticed Blork the orc
  3837 | D:5      | Killed Blork the orc
  4088 | D:5      | Found Qaseiwka's Armour Boutique.
  4125 | D:5      | Reached skill level 5 in Fighting
  4171 | D:5      | Found a staircase to the Ecumenical Temple.
  4177 | Temple   | Entered the Ecumenical Temple
  4305 | Temple   | Became a worshipper of Uskayaw the Reveler
  4325 | D:5      | Reached * piety under Uskayaw
  4502 | D:5      | Reached ** piety under Uskayaw
  4592 | D:5      | Reached skill level 6 in Fighting
  4797 | D:6      | Found a glowing golden altar of the Shining One.
  4818 | D:6      | Reached *** piety under Uskayaw
  4870 | D:6      | Reached skill level 7 in Fighting
  4914 | D:6      | Noticed Edmund
  4933 | D:6      | Found a bloodstained altar of Trog.
  4954 | D:6      | Killed Edmund
  4954 | D:6      | Reached skill level 8 in Fighting
  4959 | D:6      | Reached **** piety under Uskayaw
  4961 | D:6      | Reached XP level 9. HP: 34/82 MP: 0/8
  5267 | D:6      | Reached skill level 9 in Fighting
  5434 | D:6      | Found a sparkling altar of Nemelex Xobeh.
  5434 | D:6      | Found an opulent altar of Gozag.
  5663 | D:7      | Reached skill level 10 in Fighting
  5751 | D:7      | Got a pair of faintly humming gloves
  5752 | D:7      | Identified the +2 pair of gloves of the Lizard {rF+ Int+3 Dex+5} (You found it on level 7 of the Dungeon)
  5845 | D:7      | Noticed a gargoyle
  5878 | D:7      | Killed a gargoyle
  6042 | D:7      | Reached skill level 5 in Dodging
  6050 | D:7      | Found a flagged portal.
  6123 | Bailey   | Entered a bailey
  6417 | D:7      | Found a hide-covered altar of Uskayaw.
  6504 | D:7      | You fall through a shaft!
  6617 | D:8      | Reached skill level 1 in Invocations
  6643 | D:8      | Reached XP level 10. HP: 91/93 MP: 10/10
  6646 | D:8      | Reached ***** piety under Uskayaw
  6659 | D:8      | Noticed a two-headed ogre
  6666 | D:8      | Killed a two-headed ogre
  6669 | D:8      | Reached skill level 5 in Invocations
  7089 | D:8      | Found Otteecsi's Book Shop.
  7310 | D:8      | Found a staircase to the Lair.
  7323 | D:8      | Reached skill level 1 in Evocations
  7354 | D:8      | Reached ****** piety under Uskayaw
  7619 | D:8      | Found an ancient bone altar of Kikubaaqudgha.
  7901 | Lair:1   | Entered Level 1 of the Lair of Beasts
  8128 | Lair:1   | Reached skill level 5 in Evocations
  8259 | Lair:1   | Reached XP level 11. HP: 94/99 MP: 15/15
  8330 | Lair:1   | Noticed Erica
  8341 | Lair:1   | Killed Erica
  8582 | Lair:1   | Noticed a five-headed hydra
  8589 | Lair:1   | Killed a two-headed hydra
  9283 | Lair:2   | Found a staircase to the Shoals.
  9298 | Lair:2   | Slain by a merfolk

Skill      XL: |  1  2  3  4  5  6  7  8  9 10 11 |
---------------+----------------------------------+-----
Shields        | 4 5 8 9 |  9.0
Long Blades    | 3 4 6 7 8 |  8.0
Armour         | 4 5 6 |  6.1
Fighting       | 4 8 10 | 10.0
Dodging        | 7 |  7.0
Invocations    | 2 7 |  7.0
Evocations     | 5 8 |  8.7

Action                   |  1- 3 |  4- 6 |  7- 9 | 10-12 || total
-------------------------+-------+-------+-------+-------++-------
Melee: Long sword        |    81 |   207 |   334 |   219 ||   841
       Headbutt          |    13 |    35 |    72 |    65 ||   185
       Scimitar          |       |       |       |     4 ||     4
Throw: Stone             |       |       |    11 |       ||    11
Invok: Stomp             |       |       |     9 |     5 ||    14
       Line Pass         |       |       |     3 |     6 ||     9
Evoke: Wand              |       |       |       |     3 ||     3
  Use: Scroll            |       |    10 |     3 |     7 ||    20
       Potion            |       |       |     7 |     3 ||    10
 Stab: Paralysed         |       |       |     7 |    14 ||    21
       Confused          |       |       |       |     3 ||     3
  Eat: Chunk             |       |     7 |    14 |    11 ||    32
Armor: Scale mail        |    22 |    75 |   102 |    63 ||   262
       Skin              |       |       |    15 |       ||    15
Dodge: Dodged            |    22 |    45 |   120 |    98 ||   285
Block: Shield            |    40 |    85 |   209 |   124 ||   458
       Rpst.: Long sword |     5 |    18 |    19 |    23 ||    65
